| TOP OF THE 1ST |
|
California Angels batting - Pitching for Detroit Tigers : LHP Momosuke Sato
|
|
Pitching: LHP Momosuke Sato
|
|
|
Batting: RHB Curt Earnest
|
0-0: SINGLE (Groundball, 34D, EV 95.0 MPH)
|
|
Batting: RHB Alain Delhaye
|
0-0: Ball 1-0: Called Strike 1-1: Called Strike 1-2: Ball 2-2: Strikes out swinging
|
|
Batting: RHB Preston Deakyne
|
0-0: Called Strike 0-1: Swinging Strike 0-2: Foul Ball, location: 2F 0-2: Strikes out swinging
|
|
Batting: RHB Dietmar Warmisch
|
0-0: Ball Curt Earnest steals 2nd base (no throw) 1-0: Called Strike 1-1: Ball 2-1: Ground out 6-3 (Groundball, 6, EV 111.9 MPH)
|
| Top of the 1st over - 0 runs, 1 hit, 0 errors, 1 left on base; California 0 - Detroit 0 |
| BOTTOM OF THE 1ST |
|
Detroit Tigers batting - Pitching for California Angels : RHP Ben Sedlacek
|
|
Pitching: RHP Ben Sedlacek
|
|
|
Batting: LHB Morgan Black
|
0-0: Fly out, F9 (Flyball, 9, EV 87.5 MPH)
|
|
Batting: LHB Jordan Villa
|
0-0: Foul Ball, location: 2F 0-1: Ball 1-1: Ball 2-1: Fly out, F4 (Popup, 34S, EV 74.4 MPH)
|
|
Batting: RHB Randy Shrewsbury
|
0-0: Ball 1-0: Called Strike 1-1: Ball 2-1: Foul Ball, location: 2F 2-2: SOLO HOME RUN (Flyball, 9D, EV 98.8 MPH), Distance : 375 ft
|
|
Batting: LHB Tyler Davis
|
0-0: Ball 1-0: Swinging Strike 1-1: Ball 2-1: Foul Ball, location: 2F 2-2: Ground out 3-1 (Groundball, 3L, EV 111.3 MPH)
|
| Bottom of the 1st over - 1 run, 1 hit, 0 errors, 0 left on base; California 0 - Detroit 1 |
| TOP OF THE 2ND |
|
California Angels batting - Pitching for Detroit Tigers : LHP Momosuke Sato
|
|
Batting: RHB Danny Odom
|
0-0: Called Strike 0-1: Swinging Strike 0-2: Foul Ball, location: 2F 0-2: Strikes out looking
|
|
Batting: LHB Jack Bell
|
0-0: Ball 1-0: Swinging Strike 1-1: Swinging Strike 1-2: Foul Ball, location: 2F 1-2: Fly out, F7 (Line Drive, 7, EV 88.8 MPH)
|
|
Batting: RHB Nick Dunn
|
0-0: Fly out, F6 (Popup, 4MD, EV 53.1 MPH)
|
| Top of the 2nd over - 0 runs, 0 hits, 0 errors, 0 left on base; California 0 - Detroit 1 |
| BOTTOM OF THE 2ND |
|
Detroit Tigers batting - Pitching for California Angels : RHP Ben Sedlacek
|
|
Batting: RHB Ryan Neal
|
0-0: Ball 1-0: SOLO HOME RUN (Flyball, 78XD, EV 101.9 MPH), Distance : 426 ft
|
|
Batting: LHB Emmanuel Gaskin
|
0-0: Called Strike 0-1: Ball 1-1: Foul Ball, location: 2F 1-2: Foul Ball, location: 2F 1-2: Ball 2-2: Ball 3-2: Foul Ball, location: 2F 3-2: SINGLE (Line Drive, 4D, EV 104.4 MPH)
|
|
Batting: RHB Luke Feeney
|
0-0: Ball 1-0: Swinging Strike 1-1: Ball 2-1: Ball 3-1: Called Strike 3-2: Foul Ball, location: 2F 3-2: Strikes out swinging
|
|
Batting: RHB Chris Wheatley
|
0-0: Ball 1-0: Ball 2-0: Called Strike 2-1: Swinging Strike 2-2: DOUBLE (Line Drive, 78D, EV 106.3 MPH) Emmanuel Gaskin to third Runner from 3rd tries for Home, SAFE, no throw by LF
|
|
Batting: RHB Danny Eberhart
|
0-0: Ball Chris Wheatley steals 3rd base 1-0: Ball 2-0: SINGLE (Line Drive, 4MD, EV 98.8 MPH) Chris Wheatley scores
|
|
Batting: LHB Morgan Black
|
0-0: Ball 1-0: Ball 2-0: Ball 3-0: Base on Balls Danny Eberhart to second
|
|
Batting: LHB Jordan Villa
|
0-0: Called Strike 0-1: Ball 1-1: Ball 2-1: Ball 3-1: Base on Balls Danny Eberhart to third Morgan Black to second
|
|
Batting: RHB Randy Shrewsbury
|
0-0: Called Strike 0-1: Ball 1-1: GRAND SLAM HOME RUN (Line Drive, 78XD, EV 109.4 MPH), Distance : 416 ft
|
|
Pitching: RHP Barney Pederson
|
|
|
Batting: LHB Tyler Davis
|
0-0: Foul Ball, location: 2F 0-1: Fly out, F5 (Line Drive, 5, EV 66.3 MPH)
|
|
Batting: RHB Ryan Neal
|
0-0: Ball 1-0: Swinging Strike 1-1: Ground out 6-3 (Groundball, 4MD, EV 83.1 MPH)
|
| Bottom of the 2nd over - 7 runs, 5 hits, 0 errors, 0 left on base; California 0 - Detroit 8 |
| TOP OF THE 3RD |
|
California Angels batting - Pitching for Detroit Tigers : LHP Momosuke Sato
|
|
Batting: LHB Micah Miller
|
0-0: Ground out 6-3 (Groundball, 6MD, EV 85.0 MPH)
|
|
Batting: LHB Javier Trujillo
|
0-0: Ball 1-0: Called Strike 1-1: Ball 2-1: Foul Ball, location: 2F 2-2: Foul Ball, location: 2F 2-2: Strikes out swinging, 2-3 out at first.
|
|
Batting: RHB Curt Earnest
|
0-0: Ball 1-0: Ball 2-0: DOUBLE (Line Drive, 7LM, EV 110.6 MPH)
|
|
Batting: RHB Alain Delhaye
|
0-0: Foul Ball, location: 2F 0-1: Foul Ball, location: 2F 0-2: Ball 1-2: Foul Ball, location: 2F 1-2: Strikes out swinging
|
| Top of the 3rd over - 0 runs, 1 hit, 0 errors, 1 left on base; California 0 - Detroit 8 |
| BOTTOM OF THE 3RD |
|
Detroit Tigers batting - Pitching for California Angels : RHP Barney Pederson
|
|
Batting: LHB Emmanuel Gaskin
|
0-0: Ball 1-0: Swinging Strike 1-1: Foul Ball, location: 2F 1-2: Ball 2-2: Foul Ball, location: 2F 2-2: Ball 3-2: Base on Balls
|
|
Batting: RHB Luke Feeney
|
0-0: DOUBLE (Groundball, 3L, EV 97.5 MPH) Emmanuel Gaskin to third
|
|
Batting: RHB Chris Wheatley
|
0-0: Called Strike 0-1: Called Strike 0-2: Ball 1-2: Foul Ball, location: 2F 1-2: Ball 2-2: Ball 3-2: Strikes out swinging
|
|
Pitching: RHP Joe Beam
|
|
|
Batting: RHB Danny Eberhart
|
0-0: Called Strike 0-1: Fly out, F9 (Flyball, 9S, EV 75.0 MPH)
|
|
Batting: LHB Morgan Black
|
0-0: Ball 1-0: Called Strike 1-1: Swinging Strike 1-2: Foul Ball, location: 2F 1-2: Ball 2-2: Ball 3-2: SINGLE (Flyball, 89S, EV 93.8 MPH) Emmanuel Gaskin scores Luke Feeney to third Runner from 3rd tries for Home, SAFE, throw by RF to home
|
|
Batting: LHB Jordan Villa
|
0-0: Called Strike 0-1: DOUBLE (Line Drive, 7LM, EV 96.9 MPH) Morgan Black to third
|
|
Batting: RHB Randy Shrewsbury
|
0-0: Fly out, F7 (Line Drive, 7, EV 88.8 MPH)
|
| Bottom of the 3rd over - 2 runs, 3 hits, 0 errors, 2 left on base; California 0 - Detroit 10 |
| TOP OF THE 4TH |
|
California Angels batting - Pitching for Detroit Tigers : LHP Momosuke Sato
|
|
Batting: RHB Preston Deakyne
|
0-0: Ball 1-0: SINGLE (Groundball, 4M, EV 108.1 MPH) (infield hit)
|
|
Batting: RHB Dietmar Warmisch
|
0-0: Ball Preston Deakyne steals 2nd base 1-0: Called Strike 1-1: Foul Ball, location: 2F 1-2: Ball 2-2: Foul Ball, location: 2F 2-2: Ball 3-2: Ground out 4-3 (Groundball, 4, EV 83.1 MPH) Preston Deakyne to third
|
|
Batting: RHB Danny Odom
|
0-0: Ball 1-0: Ball Steal of home, Preston Deakyne is out 2-0: Ball 3-0: Called Strike 3-1: Base on Balls
|
|
Batting: LHB Jack Bell
|
0-0: Ball 1-0: Ball 2-0: SINGLE (Groundball, 25, EV 67.5 MPH) (infield hit) Danny Odom to second
|
|
Batting: RHB Nick Dunn
|
0-0: Foul Ball, location: 2F 0-1: Ball 1-1: Ball 2-1: Called Strike 2-2: Strikes out looking
|
| Top of the 4th over - 0 runs, 2 hits, 0 errors, 2 left on base; California 0 - Detroit 10 |
| BOTTOM OF THE 4TH |
|
Detroit Tigers batting - Pitching for California Angels : RHP Joe Beam
|
|
Batting: LHB Tyler Davis
|
0-0: Ball 1-0: Swinging Strike 1-1: Ball 2-1: Foul Ball, location: 2F 2-2: Fly out, F9 (Flyball, 9S, EV 72.5 MPH)
|
|
Batting: RHB Ryan Neal
|
0-0: Fly out, F8 (Flyball, 8LD, EV 98.1 MPH)
|
|
Batting: LHB Emmanuel Gaskin
|
0-0: Called Strike 0-1: Ground out 3-1 (Groundball, 34S, EV 81.9 MPH)
|
| Bottom of the 4th over - 0 runs, 0 hits, 0 errors, 0 left on base; California 0 - Detroit 10 |
| TOP OF THE 5TH |
|
California Angels batting - Pitching for Detroit Tigers : LHP Momosuke Sato
|
|
Batting: LHB Micah Miller
|
0-0: Foul Ball, location: 2F 0-1: Ground out 1-3 (Groundball, 15S, EV 71.3 MPH)
|
|
Batting: LHB Javier Trujillo
|
0-0: Swinging Strike 0-1: Swinging Strike 0-2: Ball 1-2: Strikes out swinging
|
|
Batting: RHB Curt Earnest
|
0-0: Ball 1-0: Swinging Strike 1-1: Foul Ball, location: 2F 1-2: Foul Ball, location: 2F 1-2: Ground out 1-3 (Groundball, 25, EV 68.8 MPH)
|
| Top of the 5th over - 0 runs, 0 hits, 0 errors, 0 left on base; California 0 - Detroit 10 |
| BOTTOM OF THE 5TH |
|
Detroit Tigers batting - Pitching for California Angels : RHP Joe Beam
|
|
Pitching: RHP Joel Ciampi
|
|
|
Batting: RHB Luke Feeney
|
0-0: Swinging Strike 0-1: Foul Ball, location: 2F 0-2: Foul Ball, location: 2F 0-2: Strikes out looking
|
|
Batting: RHB Chris Wheatley
|
0-0: Ball 1-0: Ball 2-0: Fly out, F2 (Popup, 13S, EV 85.6 MPH)
|
|
Batting: RHB Danny Eberhart
|
0-0: Ball 1-0: Foul Ball, location: 2F 1-1: Reached on error, E6 (Groundball, 6D, EV 99.4 MPH)
|
|
Batting: LHB Morgan Black
|
0-0: DOUBLE (Line Drive, 5D, EV 97.5 MPH) Danny Eberhart to third
|
|
Batting: LHB Jordan Villa
|
0-0: Ball 1-0: Called Strike 1-1: Ball 2-1: Fly out, F4 (Flyball, 34D, EV 90.0 MPH)
|
| Bottom of the 5th over - 0 runs, 1 hit, 1 error, 2 left on base; California 0 - Detroit 10 |
| TOP OF THE 6TH |
|
California Angels batting - Pitching for Detroit Tigers : LHP Momosuke Sato
|
|
Batting: RHB Alain Delhaye
|
0-0: Called Strike 0-1: Called Strike 0-2: Foul Ball, location: 2F 0-2: Ball 1-2: Ball 2-2: Foul Ball, location: 2F 2-2: Foul Ball, location: 2F 2-2: Foul Ball, location: 2F 2-2: Strikes out swinging passed ball, reaches first!
|
|
Batting: RHB Preston Deakyne
|
0-0: Called Strike Alain Delhaye is caught stealing 2nd base 2-4 0-1: Called Strike 0-2: Ball 1-2: SOLO HOME RUN (Flyball, 9D, EV 100.0 MPH), Distance : 385 ft
|
|
Batting: RHB Dietmar Warmisch
|
0-0: Ball 1-0: Called Strike 1-1: Ball 2-1: Foul Ball, location: 2F 2-2: Foul Ball, location: 2F 2-2: Foul Ball, location: 2F 2-2: Foul Ball, location: 2F 2-2: Strikes out looking
|
|
Batting: RHB Danny Odom
|
0-0: Swinging Strike 0-1: SINGLE (Line Drive, 8RS, EV 111.3 MPH)
|
|
Batting: LHB Jack Bell
|
0-0: Ball Pickoff Throw to First - Error! E1 Danny Odom to second 1-0: Ball 2-0: Called Strike 2-1: Fly out, F6 (Popup, 56D, EV 68.1 MPH)
|
| Top of the 6th over - 1 run, 2 hits, 1 error, 1 left on base; California 1 - Detroit 10 |
| BOTTOM OF THE 6TH |
|
Detroit Tigers batting - Pitching for California Angels : RHP Joel Ciampi
|
|
Batting: RHB Randy Shrewsbury
|
0-0: Ball 1-0: Ball 2-0: Ball 3-0: Called Strike 3-1: Swinging Strike 3-2: Foul Ball, location: 2F 3-2: Strikes out swinging
|
|
Batting: LHB Tyler Davis
|
0-0: Ball 1-0: Ball 2-0: Foul Ball, location: 2F 2-1: Called Strike 2-2: DOUBLE (Line Drive, 89D, EV 108.8 MPH)
|
|
Batting: RHB Ryan Neal
|
0-0: SINGLE (Groundball, 6MD, EV 106.9 MPH) Tyler Davis to third Runner from 3rd tries for Home, SAFE, throw by CF to home
|
|
Batting: LHB Emmanuel Gaskin
|
0-0: Ball 1-0: TRIPLE (Flyball, 9D, EV 96.9 MPH) Ryan Neal scores
|
|
Batting: RHB Luke Feeney
|
0-0: Ball 1-0: Ball 2-0: Ball 3-0: SINGLE (Line Drive, 34D, EV 96.9 MPH) Emmanuel Gaskin scores
|
|
Pitching: RHP Jakub Kvacek
|
|
|
Batting: RHB Chris Wheatley
|
0-0: Called Strike 0-1: Swinging Strike 0-2: Ball 1-2: Foul Ball, location: 2F 1-2: Ball 2-2: Strikes out swinging
|
|
Batting: RHB Danny Eberhart
|
0-0: Ball 1-0: Swinging Strike 1-1: Foul Ball, location: 2F 1-2: Strikes out swinging
|
| Bottom of the 6th over - 3 runs, 4 hits, 0 errors, 1 left on base; California 1 - Detroit 13 |
| TOP OF THE 7TH |
|
California Angels batting - Pitching for Detroit Tigers : LHP Momosuke Sato
|
|
Pitching: RHP Steve McGaughey
|
|
|
Batting: RHB Nick Dunn
|
0-0: Called Strike 0-1: Fly out, F7 (Line Drive, 7, EV 91.9 MPH)
|
|
Pinch Hitting: LHB Steve Roepke
|
0-0: Ball 1-0: Ball 2-0: Called Strike 2-1: Foul Ball, location: 2F 2-2: DOUBLE (Line Drive, 9LS, EV 98.8 MPH)
|
|
Batting: LHB Javier Trujillo
|
0-0: Foul Ball, location: 2F 0-1: Ball 1-1: Ball 2-1: Called Strike 2-2: Foul Ball, location: 2F 2-2: Ball 3-2: Foul Ball, location: 2F 3-2: Fly out, F8 (Flyball, 8RM, EV 83.8 MPH)
|
|
Batting: RHB Curt Earnest
|
0-0: Called Strike 0-1: Foul Ball, location: 2F 0-2: Strikes out swinging
|
| Top of the 7th over - 0 runs, 1 hit, 0 errors, 1 left on base; California 1 - Detroit 13 |
| BOTTOM OF THE 7TH |
|
Detroit Tigers batting - Pitching for California Angels : RHP Jakub Kvacek
|
|
Now in RF: Steve Roepke
|
|
|
Batting: LHB Morgan Black
|
0-0: Ball 1-0: Ball 2-0: Ground out 4-3 (Groundball, 34, EV 84.4 MPH)
|
|
Batting: LHB Jordan Villa
|
0-0: Ball 1-0: Called Strike 1-1: SINGLE (Line Drive, 34D, EV 97.5 MPH)
|
|
Batting: RHB Randy Shrewsbury
|
0-0: Swinging Strike 0-1: Fly out, F7 (Line Drive, 7, EV 98.1 MPH)
|
|
Batting: LHB Tyler Davis
|
0-0: Ball 1-0: Fly out, F9 (Flyball, 89D, EV 101.3 MPH)
|
| Bottom of the 7th over - 0 runs, 1 hit, 0 errors, 1 left on base; California 1 - Detroit 13 |
| TOP OF THE 8TH |
|
California Angels batting - Pitching for Detroit Tigers : RHP Steve McGaughey
|
|
Batting: RHB Alain Delhaye
|
0-0: Ball 1-0: Ball 2-0: Called Strike 2-1: Ball 3-1: Swinging Strike 3-2: Fly out, F5 (Popup, 15S, EV 80.0 MPH)
|
|
Batting: RHB Preston Deakyne
|
0-0: Foul Ball, location: 2F 0-1: Foul Ball, location: 2F 0-2: Strikes out swinging
|
|
Batting: RHB Dietmar Warmisch
|
0-0: Ball 1-0: Called Strike 1-1: Foul Ball, location: 2F 1-2: Strikes out swinging
|
| Top of the 8th over - 0 runs, 0 hits, 0 errors, 0 left on base; California 1 - Detroit 13 |
| BOTTOM OF THE 8TH |
|
Detroit Tigers batting - Pitching for California Angels : RHP Jakub Kvacek
|
|
Batting: RHB Ryan Neal
|
0-0: Foul Ball, location: 2F 0-1: Called Strike 0-2: Ground out 3-1 (Groundball, 34, EV 102.5 MPH)
|
|
Batting: LHB Emmanuel Gaskin
|
0-0: Ball 1-0: Called Strike 1-1: Swinging Strike 1-2: Ball 2-2: SOLO HOME RUN (Flyball, 9D, EV 93.8 MPH), Distance : 370 ft
|
|
Batting: RHB Luke Feeney
|
0-0: Ball 1-0: Foul Ball, location: 2F 1-1: Foul Ball, location: 2F 1-2: Foul Ball, location: 2F 1-2: Strikes out swinging
|
|
Batting: RHB Chris Wheatley
|
0-0: Called Strike 0-1: Ball 1-1: Swinging Strike 1-2: Ball 2-2: Strikes out swinging
|
| Bottom of the 8th over - 1 run, 1 hit, 0 errors, 0 left on base; California 1 - Detroit 14 |
| TOP OF THE 9TH |
|
California Angels batting - Pitching for Detroit Tigers : RHP Steve McGaughey
|
|
Pitching: RHP Chris Haselhorst
|
|
|
Batting: RHB Danny Odom
|
0-0: Ball 1-0: Called Strike 1-1: Called Strike 1-2: Strikes out looking
|
|
Batting: LHB Jack Bell
|
0-0: Ball 1-0: Ball 2-0: Fly out, F7 (Flyball, 7S, EV 88.1 MPH)
|
|
Batting: RHB Nick Dunn
|
0-0: Fly out, F3 (Popup, 3SF, EV 62.5 MPH)
|
| Top of the 9th over - 0 runs, 0 hits, 0 errors, 0 left on base; California 1 - Detroit 14 |
|